 Dungeon Crawl Stone Soup version 0.31.0-12-g77e489cdc1 (webtiles) character file.

Game seed: 4210869209879409042

118546 112233 the Spry (level 16, -5/111 HPs)
             Began as an Octopode Fighter on Feb 15, 2024.
             Was an Initiate of Gozag.
             Slain by a +1 glaive of venom (38 damage)
             ... on level 1 of the Elven Halls on Feb 16, 2024.
             The game lasted 01:06:24 (38901 turns).

112233 the Spry (Octopode Fighter)                 Turns: 38901, Time: 01:06:26

Health: -5/111     AC:  1    Str: 15    XL:     16   Next: 77%
Magic:  34/34      EV: 31    Int: 21    God:    Gozag
Gold:   235        SH:  0    Dex: 23    Spells: 9/15 levels left

rFire   . .          .
                       - Unarmed
rCold   + . .        y - melded +2 tower shield
rNeg    . . .        (helmet restricted)
rPois   .            a - amulet of regeneration
rElec   .            m - ring of magical power
rCorr   .            C - +6 ring of intelligence
SInv    .            b - ring of protection from cold
Will    +++..        K - ring of flight
Stlth   +            M - +6 ring of dexterity
HPRegen 1.18/turn    d - ring of magical power
MPRegen 0.24/turn    Z - ring of willpower
                     (no ring)

%: no passive effects
@: lethally poisoned (-5 -> -12), flux-form, gold aura, on berserk cooldown,
enlightened, flying, hasted and slowed, glowing, studying Shapeshifting
A: glow, contaminating, almost no armour, amphibious, 8 rings, camouflage 1,
gelatinous body 1, (nimble swimmer 1), tentacles, clever 1, frail 1, wild magic
1
a: Begin Untransformation, Renounce Religion, Potion Petition, Call Merchant,
Bribe Branch


You were on level 1 of the Elven Halls.
You worshipped Gozag.
Gozag was aware of your devotion.
You were something dangerously unstable.
You visited 6 branches of the dungeon, and saw 26 of its levels.
You also visited: Ossuary and Gauntlet.

You collected 10751 gold pieces.
You spent 678 gold pieces at shops.
You paid 9838 gold pieces to Gozag.

Inventory:

Hand Weapons
 H - the +8 hand cannon "Rall" {elec, rF+ Will+ rCorr Int-2 Dex+3}
   (You found it in a Gauntlet)

   Int-2:     It affects your intelligence (-2).
   Dex+3:     It affects your dexterity (+3).
   rF+:       It protects you from fire.
   Will+:     It increases your willpower.
   rCorr:     It protects you from acid and corrosion.
 Q - the +8 pair of quick blades "Gyre" and "Gimble" {protect}
   (You found it on level 12 of the Dungeon)
Missiles
 w - 5 datura-tipped darts
 E - 5 silver javelins
 G - 3 atropa-tipped darts
 I - 2 throwing nets
Armour
 x - the +2 shield of Resistance {rF++ rC++ Will++}
   (You acquired it on level 5 of the Lair of Beasts)

   rF++:      It greatly protects you from fire.
   rC++:      It greatly protects you from cold.
   Will++:    It greatly increases your willpower.
 y - a +2 tower shield (melded)
 X - the +1 hat of the Eternal Fruit {Rampage}
   (You found it in a Gauntlet)

   Rampage:   It bestows one free step when moving towards enemies.
Jewellery
 a - an amulet of regeneration (around mantle)
 b - a ring of protection from cold (on tentacle)
 d - a ring of magical power (on tentacle)
 h - a ring of fire
 i - a ring of ice
 m - a ring of magical power (left tentacle)
 C - a +6 ring of intelligence (right tentacle)
 K - a ring of flight (on tentacle)
 M - a +6 ring of dexterity (on tentacle)
 Z - a ring of willpower (on tentacle)
Talismans
 e - a flux talisman (active)
 t - a serpent talisman
 N - a granite talisman
 W - a maw talisman
Wands
 A - a wand of polymorph (6)
 D - a wand of charming (1)
 S - a wand of iceblast (4)
 T - a wand of flame (8)
Scrolls
 f - a scroll of amnesia
 g - a scroll of revelation
 k - 2 scrolls of vulnerability
 l - 4 scrolls of teleportation
 n - a scroll of silence
 q - 5 scrolls of fog
 z - 3 scrolls of identify
 L - 3 scrolls of poison
 O - 2 scrolls of enchant armour
Potions
 c - 4 potions of attraction
 j - 2 potions of berserk rage
 o - a potion of brilliance
 p - 3 potions of lignification
 r - 3 potions of enlightenment
 s - 4 potions of curing
 u - a potion of ambrosia
 v - 3 potions of resistance
 F - a potion of heal wounds
 J - 4 potions of invisibility
 R - 5 potions of might
 U - a potion of haste
 V - a potion of magic
 Y - a potion of mutation
Miscellaneous
 B - a tin of tremorstones (2/2)
 P - a phantom mirror (inert)


   Skills:
 - Level 16.0 Fighting
 - Level 16.9 Dodging
 - Level 8.6 Shields
 - Level 16.5 Unarmed Combat
 + Level 14.8 Shapeshifting


You had 9 spell levels left.
You knew the following spells:

 Your Spells              Type           Power      Damage    Failure   Level
a - Passwall              Erth           0%         N/A       56%         3
b - Fugue of the Fallen   Necr           0%         N/A       56%         3

Your spell library contained the following spells:

 Spells                   Type           Power      Damage    Failure   Level
 Ensorcelled Hibernation  Hex/Ice        0%         N/A       34%         2
 Lesser Beckoning         Tloc           0%         N/A       34%         2
 Dazzling Flash           Conj/Hex       0%         N/A       56%         3
 Frozen Ramparts          Ice            0%         1d1       56%         3
 Gell's Gravitas          Tloc           0%         N/A       56%         3
 Hailstorm                Conj/Ice       0%         3d5       56%         3
 Ozocubu's Armour         Ice            0%         N/A       56%         3
 Sigil of Binding         Hex            0%         N/A       56%         3
 Summon Ice Beast         Ice/Summ       0%         N/A       56%         3
 Swiftness                Air            0%         N/A       56%         3
 Teleport Other           Tloc           0%         N/A       56%         3
 Volatile Blastmotes      Fire/Tloc      0%         2d10      56%         3
 Anguish                  Hex/Necr       0%         N/A       91%         4
 Cause Fear               Hex            0%         N/A       91%         4
 Fulminant Prism          Conj/Alch      0%         3d5       91%         4
 Iskenderun's Mystic Bla  Conj/Tloc      0%         2d3       91%         4
 Leda's Liquefaction      Alch/Erth      0%         N/A       91%         4
 Manifold Assault         Tloc           0%         N/A       91%         4
 Petrify                  Alch/Erth      0%         N/A       91%         4
 Fireball                 Conj/Fire      0%         3d3       99%         5
 Metabolic Englaciation   Hex/Ice        0%         N/A       99%         5
 Summon Forest            Summ/Tloc      0%         N/A       99%         5
 Summon Mana Viper        Hex/Summ       0%         N/A       99%         5
 Sculpt Simulacrum        Ice/Alch       0%         N/A       100%        6
 Starburst                Conj/Fire      0%         6d3       100%        6
 Summon Cactus Giant      Summ           0%         N/A       100%        6
 Enfeeble                 Hex            0%         N/A       100%        7
 Malign Gateway           Summ/Tloc      0%         N/A       100%        7
 Summon Hydra             Summ           0%         N/A       100%        7
 Maxwell's Capacitive Co  Air            0%         ∞         100%        8
 Dragon's Call            Summ           0%         N/A       100%        9


Dungeon Overview and Level Annotations

Branches:
Dungeon (15/15)            Temple (1/1) D:5            Lair (5/5) D:11
 Shoals (0/4) Lair:2       Spider (1/4) Lair:3        Slime (0/5) Lair:5
    Orc (2/2) D:11            Elf (2/3) Orc:2        Vaults (0/5) D:13
 Depths (0/4) D:15        Ossuary (visited)         Gauntlet (visited)

Altars:
Ashenzari
Cheibriados
Dithmenos
Elyvilon
Fedhas
Gozag
Hepliaklqana
Kikubaaqudgha
Makhleb
Nemelex Xobeh
Okawaru
Qazlal
Ru
Sif Muna
Trog
Uskayaw
Vehumet
Wu Jian
Xom
Yredelemnul
Zin
The Shining One
Jiyva

Shops:
D:2 *   D:13 :(   D:15 *   Orc:1 [   Orc:2 ?*([*

Annotations:
D:8 2 transporters, exclusion: 2 downstairs, Limofeus's ghost, novice MiFi
D:9 exclusion: upstairs
D:11 exclusion: downstairs
D:12 3 runed translucent doors, exclusion: downstairs, Anaz's ghost, journeyman DgAE
D:13 exclusion: downstairs
Lair:1 exclusion: downstairs
Lair:3 exclusion: upstairs
Elf:1 1 runed translucent door, kalagan's ghost, journeyman DECj


Innate Abilities, Weirdness & Mutations

You are something dangerously unstable.
You glow with magical radiation, making you easy to see and hit.
Foes you strike become dangerously contaminated with magical radiation.
You are incapable of wielding weapons or throwing items.
You cannot wear most types of armour.
You are amphibious.
You can wear up to eight rings at the same time.
Your skin changes colour to match your surroundings (Stealth+).
Your rubbery body absorbs attacks. (AC +1, EV +1)
((You are camouflaged when in or above water. (Stealth+)))
You have tentacles for arms and can constrict up to eight enemies at once.
Your mind is acute. (Int +4, Str/Dex -1)
You are frail. (-10% HP)
Your spells are a little harder to cast, but a little more powerful.


Message History

The fire elemental is distracted by your dazzling golden aura.
You bludgeon the +1 glaive of flaming!
The +1 glaive of flaming shudders as magic cascades through it!!!
The +1 glaive of flaming turns to gold and falls from the air.
The fire elemental is no longer distracted by gold.
The fire elemental is distracted by your dazzling golden aura.
The fire elemental completely misses you.
A +0 flail of protection comes into view.
The fire elemental closely misses you.
The deep elf pyromancer gestures wildly while chanting.
The deep elf pyromancer blinks!
A deep elf pyromancer comes into view.
It is wielding a +0 short sword and wearing a +1 leather armour of willpower.
The fire elemental is distracted by your dazzling golden aura.
The deep elf pyromancer is distracted by your dazzling golden aura.
There is a stone staircase leading up here.
The deep elf pyromancer is no longer distracted by gold.
The fire elemental is no longer distracted by gold.
The fire elemental misses you.
You fly upwards.
Level annotation: 1 runed translucent door, kalagan's ghost, journeyman DECj
There is a stone staircase leading down here.
Unknown command.
You start resting.
A +1 glaive of venom is nearby!
A +1 glaive of venom is nearby!
The +1 glaive of venom hits you!!
You are poisoned.
The +1 glaive of venom barely misses you.
You barely miss the +1 glaive of venom. You grab the +1 glaive of venom.
Your squeeze misses the +1 glaive of venom.
You constrict the +1 glaive of venom.
You feel very sick.
You tentacle-slap the +1 glaive of venom.
The +1 glaive of venom begins to glow.
The +1 glaive of venom is lightly damaged.
You constrict the +1 glaive of venom, but do no damage.
You feel very sick. The +1 glaive of venom hits you!!!
You die...
Your body crumbles into a pile of gold.

#. #.# ####. .. #....##
### ....... #.. ## .......
#..###(# .....$. ## #..p#
## ...e... #.##.>.##.
.......###.#...#.
.....e......###.#
§....e.###.#.#.#####
####### #[##.# ##.#####
####.)#####.#.##.##
#....)..##.###..#.##
#........#.####.###.######


You could see a +1 glaive of venom (contam).

Vanquished Creatures
  Kirke (D:12)
  An orc warlord (D:11)
  A minotaur (Gauntlet)
  A yaktaur captain (D:13)
  3 ice dragons
  6 hydras
  4 centaur warriors
  An ogre mage (D:15)
  2 catoblepae
  10 two-headed ogres
  5 dancing weapons
  8 death yaks
  An orc high priest (Orc:2)
  7 boulder beetles
  A hell hog (Lair:5)
  A tengu warrior (D:13)
  2 deep elf knights (Elf:1)
  Nergalle (Lair:3)
  Urug (Orc:1)
  Amaemon (Spider:1)
  4 skeletal warriors
  A skyshark (Lair:4)
  A fire crab (Lair:5)
  A pharaoh ant (Lair:2)
  Lodul (D:12)
  An arcanist (D:13)
  3 deep elf archers (Elf:1)
  A lindwurm (Lair:5)
  8 orc knights
  11 deep elf pyromancers
  10 orc sorcerers
  9 deep elf zephyrmancers
  An oklob plant (D:11)
  7 cyclopes
  A shining eye (Gauntlet)
  7 ugly things
  4 manticores
  3 elephants (Lair:3)
  7 black mambas
  An orange demon (Lair:3)
  6 torpor snails
  10 cane toads
  An eye of devastation (shapeshifter) (D:11)
  A gargoyle (D:10)
  Maggie (D:9)
  An efreet (D:14)
  A kobold demonologist (D:13)
  2 rime drakes
  2 yaktaurs (D:13)
  5 komodo dragons
  A tengu conjurer (D:13)
  A queen bee (Lair:5)
  7 trolls
  9 polar bears (Lair:5)
  A raiju (shapeshifter) (D:13)
  12 blink frogs
  A hornet (D:13)
  A snapping turtle (Lair:2)
  7 slime creatures
  A tarantella (Spider:1)
  5 dream sheep (Lair:4)
  2 raiju (Lair:5)
  A glass eye (Gauntlet)
  A jumping spider (Lair:3)
  4 vampires
  An air elemental (Elf:2)
  A spriggan (D:12)
  2 water elementals
  3 wyverns
  Eustachio (D:4)
  3 wraiths
  46 yaks
  5 basilisks
  3 fire bats (Lair:2)
  4 shadows
  4 humans (D:12)
  10 vampire mosquitoes
  5 redbacks
  A warg (shapeshifter) (D:15)
  3 steam dragons (Lair:5)
  12 wargs
  An acid dragon (D:10)
  Edmund (D:4)
  14 hell hounds (Lair:5)
  3 swamp drakes (Lair:5)
  15 water moccasins
  2 ice beasts
  40 orc warriors
  12 black bears
  15 ogres
  17 wolves
  15 centaurs
  2 phantoms
  4 kobold brigands
  2 elf zombies (Ossuary)
  An earth elemental (Elf:1)
  Blork the orc (D:6)
  19 bullfrogs
  4 scorpions
  3 gnoll sergeants
  6 wights
  4 killer bees (D:11)
  5 howler monkeys
  5 electric eels
  4 hounds
  2 bombardier beetles
  A gnoll bouda (D:7)
  4 jellies
  3 human zombies (Ossuary)
  20 orc priests
  5 iguanas
  2 sleepcaps
  22 orc wizards
  Natasha (thrice) (D:2)
  2 polar bear simulacra (Lair:5)
  2 wolf simulacra (Lair:5)
  5 hound zombies (Ossuary)
  2 mummies (Ossuary)
  Robin (D:3)
  16 gnolls
  8 adders
  2 shadow imps
  4 white imps
  2 ufetubi (D:6)
  3 adder zombies (Ossuary)
  3 ribbon worms
  2 dart slugs
  79 orcs
  8 ball pythons
  5 bats
  8 endoplasms
  4 giant cockroaches
  7 gnoll zombies (Ossuary)
  17 goblins
  10 hobgoblins
  6 jackals (D:2)
  15 kobolds
  3 quokkas
  6 frilled lizards
  7 jackal zombies (Ossuary)
  3 kobold zombies (Ossuary)
  7 orc zombies (Ossuary)
  7 rats
829 creatures vanquished.

Vanquished Creatures (collateral kills)
  A hydra (Lair:5)
  A deep elf zephyrmancer (Elf:2)
  A black bear (Lair:5)
3 creatures vanquished.

Vanquished Creatures (others)
  A two-headed ogre (D:12)
  A yak (Lair:1)
  A hell hound (Lair:5)
  2 orcs
5 creatures vanquished.

Grand Total: 837 creatures vanquished

Notes
Turn   | Place    | Note
-------+----------+-------------------------------------------
     0 | D:1      | 112233 the Octopode Fighter began the quest for the Orb.
     0 | D:1      | Reached XP level 1. HP: 16/16 MP: 1/1
   175 | D:1      | Reached XP level 2. HP: 19/21 MP: 2/2
   342 | D:1      | Found a faded altar of an unknown god.
   535 | D:1      | Reached XP level 3. HP: 24/26 MP: 3/3
   814 | D:2      | Found Ewkuseh's Assorted Antiques.
   827 | D:2      | Bought a fuming grey potion for 24 gold pieces
  1032 | D:2      | Noticed Natasha
  1039 | D:2      | Killed Natasha
  1040 | D:2      | Reached XP level 4. HP: 27/31 MP: 4/4
  1123 | D:2      | Reached skill level 1 in Shapeshifting
  1210 | D:2      | Noticed Natasha
  1215 | D:2      | Killed Natasha
  1313 | D:2      | Noticed Natasha
  1318 | D:2      | Killed Natasha
  1319 | D:2      | Reached XP level 5. HP: 27/36 MP: 5/5
  1984 | D:3      | Noticed Robin
  2006 | D:3      | Killed Robin
  2166 | D:3      | Found a basalt altar of Yredelemnul.
  2173 | D:3      | Found a hide-covered altar of Uskayaw.
  2176 | D:3      | Found a shimmering altar of Xom.
  2176 | D:3      | Found a snail-covered altar of Cheibriados.
  2183 | D:3      | Found a sparkling altar of Nemelex Xobeh.
  2553 | D:3      | Found an ornate altar of the Wu Jian Council.
  2966 | D:4      | Reached XP level 6. HP: 43/43 MP: 6/6
  3400 | D:4      | Noticed Eustachio
  3413 | D:4      | Killed Eustachio
  3414 | D:4      | Reached XP level 7. HP: 39/49 MP: 7/7
  3506 | D:5      | Entered Level 5 of the Dungeon
  3506 | D:5      | Found a sand-covered staircase.
  3528 | Ossuary  | Entered an ossuary
  3949 | Ossuary  | Reached skill level 5 in Fighting
  3949 | Ossuary  | Reached XP level 8. HP: 31/55 MP: 8/8
  4153 | D:5      | Reached skill level 5 in Dodging
  4153 | D:5      | Reached skill level 5 in Shields
  4186 | D:5      | Found a staircase to the Ecumenical Temple.
  4211 | Temple   | Entered the Ecumenical Temple
  4383 | Temple   | Became a worshipper of Gozag Ym Sagoz the Greedy
  4742 | D:5      | Reached skill level 5 in Unarmed Combat
  4869 | D:5      | Identified a scroll of acquirement
  4874 | D:5      | Acquired 969 gold pieces
  5494 | D:4      | Noticed Edmund
  5500 | D:4      | Killed Edmund
  5668 | D:4      | Reached XP level 9. HP: 48/62 MP: 9/9
  5967 | D:6      | Noticed Blork the orc
  5976 | D:6      | Killed Blork the orc
  8448 | D:8      | Found a transporter.
  8450 | D:8      | Noticed a cyan ugly thing
  8451 | D:8      | Noticed Limofeus's ghost (novice MiFi)
  8724 | D:8      | Found a transporter.
  8892 | D:8      | Reached skill level 5 in Shapeshifting
  8892 | D:8      | Reached XP level 10. HP: 52/69 MP: 10/10
  9511 | D:9      | Reached skill level 10 in Dodging
  9518 | D:9      | Noticed a two-headed ogre
  9704 | D:9      | Noticed a two-headed ogre
  9736 | D:8      | Killed a two-headed ogre
  9942 | D:9      | Killed a two-headed ogre
  9954 | D:9      | Noticed a cyclops
  9964 | D:9      | HP: 2/71 [cyclops (29)]
  9967 | D:9      | Killed a cyclops
  9973 | D:9      | Noticed a purple ugly thing
  9973 | D:9      | Noticed a boulder beetle
 10334 | D:9      | Noticed Maggie
 10545 | D:9      | Killed a purple ugly thing
 10561 | D:9      | Killed Maggie
 11178 | D:10     | Entered Level 10 of the Dungeon
 11328 | D:11     | Noticed an eye of devastation
 11329 | D:11     | Gained mutation: You occasionally lose the ability to read
                  | scrolls when taking damage. [potion of mutation]
 11329 | D:11     | Gained mutation: You expend magic power (3 MP) to
                  | strengthen your wands. [potion of mutation]
 11341 | D:11     | Killed an eye of devastation
 11342 | D:11     | Reached XP level 11. HP: 76/76 MP: 11/11
 12617 | D:9      | Found a bloodstained altar of Trog.
 12728 | D:8      | Killed a boulder beetle
 13983 | D:11     | Found a staircase to the Orcish Mines.
 14766 | D:11     | Noticed an oklob plant
 14949 | D:11     | Found a staircase to the Lair.
 15085 | D:11     | Noticed a manticore
 15301 | D:11     | Killed a manticore
 16282 | D:12     | Found a runed translucent gate.
 16282 | D:12     | Found a runed translucent gate.
 16283 | D:12     | Noticed a fire crab
 16284 | D:12     | Found a runed translucent gate.
 16330 | D:12     | Noticed Lodul
 16338 | D:12     | Killed Lodul
 16475 | D:12     | Noticed a two-headed ogre
 16518 | D:12     | Killed a two-headed ogre
 17061 | D:12     | Noticed a cyclops
 17079 | D:12     | Killed a cyclops
 17080 | D:12     | Reached XP level 12. HP: 80/84 MP: 12/12
 17084 | D:13     | Found a gate to the Vaults.
 17142 | D:12     | Noticed a two-headed ogre
 17142 | D:12     | Noticed a two-headed ogre
 17151 | D:12     | Killed a two-headed ogre
 17163 | D:12     | Found the +8 pair of quick blades "Gyre" and "Gimble"
                  | {protect}
 17253 | D:12     | Noticed Anaz's ghost (journeyman DgAE)
 17438 | Orc:1    | Entered Level 1 of the Orcish Mines
 17439 | Orc:1    | Paralysed by an orc sorcerer for 2 turns
 18155 | Lair:1   | Entered Level 1 of the Lair of Beasts
 18215 | Lair:1   | Noticed a death yak
 18735 | Lair:1   | Acquired a manual of Fighting
 19136 | Lair:1   | Reached skill level 10 in Unarmed Combat
 19409 | Lair:3   | Found a hole to the Spider Nest.
 19420 | Lair:2   | HP: 4/80 [pharaoh ant (28)]
 20091 | D:12     | Noticed a minotaur
 20092 | D:12     | Noticed Kirke
 20112 | D:12     | Killed Kirke
 20113 | D:12     | Reached skill level 10 in Fighting
 21103 | Lair:1   | Killed a death yak
 21480 | Lair:1   | Reached XP level 13. HP: 68/93 MP: 13/13
 22017 | Lair:3   | Noticed Amaemon
 22029 | Spider:1 | Entered Level 1 of the Spider Nest
 22037 | Spider:1 | Killed Amaemon
 22085 | Spider:1 | Noticed an entropy weaver
 22707 | Lair:2   | Learned a level 3 spell: Passwall
 22798 | Lair:2   | Reached skill level 10 in Shapeshifting
 22895 | Lair:2   | Found a staircase to the Shoals.
 23003 | Lair:3   | Noticed Nergalle
 23011 | Lair:3   | Killed Nergalle
 23299 | Lair:3   | Reached skill level 15 in Dodging
 23760 | Lair:4   | Reached XP level 14. HP: 98/104 MP: 14/14
 23872 | Lair:4   | Got the Atlas of Existentialism
 24462 | Lair:5   | Entered Level 5 of the Lair of Beasts
 24828 | D:11     | Lost mutation: You expend magic power (3 MP) to strengthen
                  | your wands. [potion of mutation]
 24828 | D:11     | Lost mutation: You occasionally lose the ability to read
                  | scrolls when taking damage. [potion of mutation]
 24828 | D:11     | Gained mutation: Your mind is acute. (Int +4, Str/Dex -1)
                  | [potion of mutation]
 24828 | D:11     | Gained mutation: Your spells are a little harder to cast,
                  | but a little more powerful. [potion of mutation]
 24828 | D:11     | Gained mutation: You are frail. (-10% HP) [potion of
                  | mutation]
 25160 | Orc:1    | Paralysed by an orc sorcerer for 3 turns
 25233 | Orc:1    | Noticed an orc warlord
 26177 | D:11     | Killed an orc warlord
 26250 | Orc:1    | Found Dinimuj's Armour Shop.
 26411 | Orc:1    | Noticed Urug
 26427 | Orc:1    | Killed Urug
 26834 | Orc:2    | Entered Level 2 of the Orcish Mines
 27513 | Orc:2    | Found Amnogoargh's Magic Scroll Boutique.
 27521 | Orc:2    | Bought a scroll of blinking for 90 gold pieces
 27521 | Orc:2    | Bought a scroll of teleportation for 36 gold pieces
 27521 | Orc:2    | Bought a scroll of fear for 48 gold pieces
 27521 | Orc:2    | Bought a scroll of identify for 24 gold pieces
 27522 | Orc:2    | Bought a scroll of identify for 24 gold pieces
 27522 | Orc:2    | Bought a scroll of identify for 24 gold pieces
 27522 | Orc:2    | Bought a scroll of identify for 24 gold pieces
 28697 | Orc:2    | Paralysed by an orc sorcerer for 5 turns
 29027 | Orc:2    | Found a staircase to the Elven Halls.
 29213 | Orc:2    | Found Zeniowky's Antique Armour Emporium.
 29213 | Orc:2    | Paralysed by an orc sorcerer for 5 turns
 29416 | Orc:2    | Found Iromerem's Assorted Antiques.
 29430 | Orc:2    | Bought a scroll of poison for 108 gold pieces
 29430 | Orc:2    | Bought a potion of curing for 81 gold pieces
 29568 | Orc:2    | Found Imulec's Weapon Shoppe.
 29594 | Orc:2    | Found Palumi's Assorted Antiques.
 29602 | Orc:2    | Bought a scroll of blinking for 195 gold pieces
 31021 | D:13     | Found Qokkos's Tiny Tomes.
 31196 | D:13     | Reached XP level 15. HP: 72/101 MP: 15/15
 31711 | D:13     | Found Tofaps's Antique Weapon Boutique.
 32184 | D:13     | Reached skill level 15 in Unarmed Combat
 33279 | Lair:5   | Reached skill level 15 in Fighting
 33831 | Lair:5   | Found a viscous altar of Jiyva.
 33834 | Lair:5   | Found a staircase to the Slime Pits.
 35692 | Lair:5   | Reached XP level 16. HP: 107/109 MP: 16/16
 35758 | Lair:5   | Acquired the +2 shield of Resistance {rF++ rC++ Will++}
 35758 | Lair:5   | Found the +2 shield of Resistance {rF++ rC++ Will++}
 35759 | Lair:5   | Acquired 678 gold pieces
 36558 | D:15     | Entered Level 15 of the Dungeon
 36595 | D:15     | Found a gate leading to a gauntlet.
 36605 | Gauntlet | Entered a Gauntlet
 36605 | Gauntlet | Found a transporter.
 36605 | Gauntlet | Found a transporter.
 36605 | Gauntlet | Found a transporter.
 36606 | Gauntlet | Found a transporter.
 36609 | Gauntlet | Found a transporter.
 36621 | Gauntlet | Found a transporter.
 36625 | Gauntlet | Found a large runed translucent door.
 36626 | Gauntlet | Found a large runed translucent door.
 36627 | Gauntlet | Found a large runed translucent door.
 36627 | Gauntlet | Found a large runed translucent door.
 36627 | Gauntlet | Found a runed translucent door.
 36644 | Gauntlet | Found a transporter.
 36661 | Gauntlet | Found a transporter.
 36681 | Gauntlet | Found a transporter.
 36683 | Gauntlet | Found a large runed translucent door.
 36684 | Gauntlet | Found a large runed translucent door.
 36685 | Gauntlet | Found a large runed translucent door.
 36685 | Gauntlet | Found a large runed translucent door.
 36686 | Gauntlet | Found a runed translucent gate.
 36687 | Gauntlet | Found a transporter.
 36687 | Gauntlet | Found a runed translucent gate.
 36688 | Gauntlet | Found a runed translucent gate.
 36689 | Gauntlet | Found a large runed translucent door.
 36689 | Gauntlet | Found a large runed translucent door.
 36690 | Gauntlet | Found a large runed translucent door.
 36691 | Gauntlet | Found a large runed translucent door.
 36700 | Gauntlet | Found a large runed translucent door.
 36700 | Gauntlet | Found a large runed translucent door.
 36700 | Gauntlet | Found a runed translucent door.
 36701 | Gauntlet | Found a large runed translucent door.
 36702 | Gauntlet | Found a large runed translucent door.
 36704 | Gauntlet | Found a transporter.
 36758 | Gauntlet | Found a transporter.
 36828 | Gauntlet | Identified the +1 hat of the Eternal Fruit {Rampage}
 36986 | Gauntlet | Acquired a manual of Shapeshifting
 37062 | Gauntlet | Identified the +8 hand cannon "Rall" {elec, rF+ Will+ rCorr
                  | Int-2 Dex+3}
 37210 | D:15     | Found Gozag's Platinum Reserve.
 37210 | D:15     | Found an opulent altar of Gozag.
 37595 | D:15     | Found a staircase to the Depths.
 38019 | D:15     | Learned a level 3 spell: Fugue of the Fallen
 38185 | Elf:1    | Entered Level 1 of the Elven Halls
 38211 | Elf:1    | Found a radiant altar of Vehumet.
 38777 | Elf:1    | Noticed kalagan's ghost (journeyman DECj)
 38781 | Elf:1    | Found a runed translucent door.
 38901 | Elf:1    | Slain by a +1 glaive of venom

Illustrated notes

Levels and vault maps discovered:
D:1:      tarquinn_simple_flora_water_b, layout_basic,
          shapermc_ecumenical_altar_mp_highgroup
D:2:      layout_basic, serial_shops, shop, kennysheep_nondescript, uniq_natasha
D:3:      layout_loops_cross, mainiacjoe_overflow_cross_hatched,
          nicolae_overflow_hallway_of_the_gods, minmay_door_square,
          fountainhead, minmay_goblin_kobold_house, uniq_robin
D:4:      layout_loops_ring, uniq_edmund, uniq_eustachio
D:5:      layout_basic, minmay_temple_entry_trees, enter_ossuary_3,
          minmay_increasing_density
D:6:      layout_cave_pools, uniq_blork_the_orc
D:7:      layout_loops_ring, grunt_decor_arrowhead, water_boxes_lemuel
D:8:      layout_gridville, gammafunk_ghost_arena, kennysheep_pointless_box
D:9:      layout_rooms, trog_book, chequers_serial_rivers_micro_a,
          serial_library_hellmonk_big_corner, kb_rosetta, uniq_maggie
D:10:     layout_layer_cave
D:11:     layout_roguey, dpeg_oklobed_lair, david_orc_3
D:12:     layout_stronghold, maelrawn_ghost_gauntlet_escape,
          hellmonk_guarded_unrand_gyre_and_gimble, uniq_lodul, uniq_kirke
D:13:     minmay_the_grid_octo_triangle [minmay_the_grid_octo_pinwheel,
          minmay_the_grid_octo_prize_big_c, minmay_the_grid_octo_thin_diamonds],
          layout_gridville, david_vaults_2, serial_shops,
          nicolae_shop_hallway_plus, nicolae_shop_i_like_small_books_too
D:14:     layout_cave_pools, amcnicky_mini_pool_small
D:15:     grunt_enter_depths_hoard, layout_cave_pods,
          nicolae_gozag_zags_fifth_avenue, gauntlet_entry_generic
Temple:   hellmonk_temple_two_chambers
Lair:1:   hellmonk_destroyed_diamonds, layout_cave_shapes, columned_hall_lemuel,
          st_stairs_6, lemuel_fruit_tree
Lair:2:   layout_long_grid, minmay_shoals_entry_hut,
          nicolae_volcano_entry_batcave, serial_bayou_pond_c
Lair:3:   layout_misc_corridors, nicolae_spider_entry_lesser_pyramids,
          uniq_nergalle, uniq_amaemon
Lair:4:   layout_loops_ring
Lair:5:   hangedman_lair_caniforms_friends, layout_regular_city,
          guppyfry_lair_end_dragon, nicolae_slime_entry_slimehenge,
          portal_ice_cave_entry_ice_simulacra, nicolae_quartered_pool_medium,
          infiniplex_staircase_pool
Spider:1: layout_spider_delve
Orc:1:    layout_caves, serial_shops, shop, uniq_urug
Orc:2:    st_orc_town, layout_caves, serial_shops, shop_statue,
          nicolae_shop_statue_plus, nicolae_orc_seminary
Elf:1:    eino_elf_arrival_altar, layout_loops_cross,
          hellmonk_ghost_happy_afterlife, minivault_28, evilmike_minifort
Elf:2:    nicolae_elf_blades_crystal_corner, layout_loops_cross,
          gammafunk_ghost_grave

Skill      XL: |  1  2  3  4  5  6  7  8  9 10 11 12 13 14 15 16 |
---------------+-------------------------------------------------+-----
Shapeshifting  | 1 2 3 4 5 6 8 9 10 11 12 14 | 14.8
Unarmed Combat | 3 4 5 6 7 8 10 12 14 15 16 | 16.5
Fighting       | 4 5 6 7 8 10 12 14 15 16 | 16.0
Dodging        | 4 6 9 11 12 14 15 16 | 16.9
Shields        | 4 5 6 7 8 |  8.6

Action                     |  1- 3 |  4- 6 |  7- 9 | 10-12 | 13-15 | 16-18 || total
---------------------------+-------+-------+-------+-------+-------+-------++-------
  Melee: Unarmed           |    80 |   148 |   187 |   565 |  1485 |   309 ||  2774
         Constrict         |    17 |    44 |    98 |    87 |   250 |    49 ||   545
         Tentacles         |    16 |    33 |   116 |   189 |   518 |   124 ||   996
         Punch             |     4 |     3 |    17 |    22 |     2 |       ||    48
         Demon blade       |       |       |   171 |     7 |       |       ||   178
  Throw: Dart              |       |       |     2 |    20 |       |       ||    22
 Invoke: Potion Petition   |       |       |     1 |     8 |    13 |     3 ||    25
  Evoke: Wand              |       |       |       |     5 |    18 |     3 ||    26
         Phantom mirror    |       |       |       |       |     1 |     1 ||     2
    Use: Scroll            |       |       |     8 |    20 |    22 |     7 ||    57
         Potion            |       |       |     4 |    10 |     5 |     5 ||    24
   Stab: Sleeping          |     7 |     5 |    11 |     2 |     1 |       ||    26
         Invisible         |       |       |       |     1 |     2 |       ||     3
         Distracted        |       |       |       |     2 |    13 |     3 ||    18
 Armour: Skin              |    31 |    60 |   147 |   180 |   423 |    75 ||   916
  Dodge: Dodged            |    44 |    69 |   203 |   436 |  1653 |   221 ||  2626
  Block: Buckler           |    22 |    17 |    83 |     2 |       |       ||   124
         Tower shield      |       |       |       |   156 |     1 |       ||   157
   Form: Flux              |       |       |       |     1 |     1 |       ||     2
         Maw               |       |       |       |       |     1 |       ||     1
